 Dungeon Crawl Stone Soup version 0.27-a0-1177-g245c70e1c0 (webtiles) character file.

Game seed: 6159205563566163160

48 pokeman the Magician (level 3, -5/20 HPs)
             Began as a Deep Elf Hedge Wizard on May 16, 2021.
             Killed by divine providence
             ... invoked by an orc priest
              (14 damage)
             ... on level 2 of the Dungeon.
             The game lasted 00:02:03 (1376 turns).

pokeman the Magician (Deep Elf Hedge Wizard)        Turns: 1376, Time: 00:02:04

Health: -5/20      AC:  3    Str:  7    XL:     3   Next: 50%
Magic:  6/11       EV: 12    Int: 19    God:
Gold:   49         SH:  0    Dex: 14    Spells: 1/12 levels left

rFire    . . .     SeeInvis .   e - +2 dagger (venom)
rCold    . . .     Faith    .   (no shield)
rNeg     . . .     Spirit   .   b - +0 robe
rPois    .         Reflect  .   c - +0 hat
rElec    .         Harm     .   (no cloak)
rCorr    .         Rampage  .   d - +0 pair of gloves
Will     .....                  (no boots)
Stlth    ++........             (no amulet)
HPRegen  0.06/turn              (no ring)
MPRegen  0.12/turn              (no ring)

@: no status effects
A: no striking features
a: no special abilities


You were on level 2 of the Dungeon.
You visited 1 branch of the dungeon, and saw 2 of its levels.

You collected 49 gold pieces.

Inventory:

Hand Weapons
 e - a +2 dagger of venom (weapon)
Missiles
 i - 15 arrows
Armour
 b - a +0 robe (worn)
 c - a +0 hat (worn)
 d - a +0 pair of gloves (worn)
Magical Staves
 h - a staff of death
Scrolls
 a - 2 scrolls of identify {unknown}
 f - a scroll of magic mapping {unknown}
 g - a scroll of enchant weapon {unknown}
Potions
 j - a potion of invisibility {unknown}


   Skills:
 - Level 1.0 Fighting
 * Level 0.9 Armour
 - Level 2.4 Dodging
 - Level 2.4 Stealth
 * Level 5.3 Spellcasting
 + Level 1.8 Conjurations
 - Level 1.1 Summonings
 - Level 1.1 Translocations


You had one spell level left.
You knew the following spells:

 Your Spells              Type           Power      Damage    Failure   Level
a - Magic Dart            Conj           48%        1d5       5%          1
b - Mephitic Cloud        Conj/Pois/Air  7%         N/A       28%         3
c - Call Imp              Summ           9%         N/A       12%         2
d - Blink                 Tloc           N/A        N/A       12%         2
e - Conjure Flame         Conj/Fire      8%         6-21      24%         3

Your spell library contained the following spells:

 Spells                   Type           Power      Damage    Failure   Level
 Slow                     Hex            5%         N/A       19%         2


Dungeon Overview and Level Annotations

Branches:
Dungeon (2/15)

Altars:


Message History

Press: ? - help, Shift-Dir - straight line, f/p - orc
Aim: an orc, wielding a +0 short sword, wearing a +0 scale mail and quivering stones (100% to hit)
The magic dart hits the orc but does no damage.
Casting: Magic Dart (safe; 5% risk of failure)
Confirm with . or Enter, or press ? or * to list all spells.
Aiming: Magic Dart (safe; 5% risk of failure)
Press: ? - help, Shift-Dir - straight line, f/p - orc
Aim: an orc, wielding a +0 short sword, wearing a +0 scale mail and quivering stones (100% to hit)
The magic dart hits the orc.
The orc is heavily wounded.
An orc comes into view. It is wielding a +0 hand axe.
Casting: Magic Dart (safe; 5% risk of failure)
Confirm with . or Enter, or press ? or * to list all spells.
Aiming: Magic Dart (safe; 5% risk of failure)
Press: ? - help, Shift-Dir - straight line, f/p - orc
Aim: an orc, wielding a +0 short sword, wearing a +0 scale mail and quivering stones (heavily wounded, 100% to hit)
The magic dart hits the orc but does no damage.
The orc is heavily wounded.
An orc priest comes into view.
It is wielding a +0 short sword of freezing.
The orc throws a stone.
The stone hits you but does no damage.
The orc priest moves out of view.
Your magical contamination has completely faded away.
You hit the orc but do no damage.
The orc is poisoned.
The orc is heavily wounded.
The orc barely misses you.
The orc throws a stone.
The stone barely misses you.
A bat comes into view.
The orc throws a stone.
The stone closely misses you.
An orc comes into view. It is wielding a +0 dagger.
You kill the orc!
Your Fighting skill increases to level 1!
Unknown command.
Unknown command.
The orc priest mumbles some strange prayers to Beogh against you.
Beogh smites you!
Ouch! That really hurt!
The orc priest calls down the wrath of Beogh upon you.
Beogh smites you!
Ouch! That really hurt!
You die...

).# #.# #.# #.####### ######
...... #.##....# #...<#
.....
..######.......###....##
#†...
.........#.............#
#....
..######...............##
#.... ##@.......###.....#
... ###.....[...###.....#
#.######.b...........>.....#
#......g...................#
#..)o..o......)#######......
.......#........#.# #.......
##.#.##o............
#..#....
...#...........#....#
#..####. ...
o.....##...####... #.. #.


You could see an orc priest, 2 orcs, a hobgoblin and a bat.

Vanquished Creatures
  An adder (D:2)
  A worm (D:2)
  2 dart slugs (D:1)
  An orc (D:2)
  A ball python (D:1)
  A bat (D:1)
  3 endoplasms
  A goblin (D:1)
  A hobgoblin (D:1)
  6 jackals
  4 kobolds (D:1)
  4 frilled lizards
  3 rats
29 creatures vanquished.

Notes
Turn   | Place    | Note
-------+----------+-------------------------------------------
     0 | D:1      | pokeman the Deep Elf Hedge Wizard began the quest for the
                  | Orb.
     0 | D:1      | Reached XP level 1. HP: 10/10 MP: 7/7
   243 | D:1      | Reached XP level 2. HP: 15/15 MP: 4/9
   763 | D:1      | Reached skill level 5 in Spellcasting
  1116 | D:2      | Reached XP level 3. HP: 20/20 MP: 2/11
  1120 | D:2      | Learned a level 3 spell: Mephitic Cloud
  1123 | D:2      | Learned a level 2 spell: Call Imp
  1126 | D:2      | Learned a level 2 spell: Blink
  1130 | D:2      | Learned a level 3 spell: Conjure Flame
  1373 | D:2      | Reached skill level 1 in Fighting
  1376 | D:2      | Killed from afar by an orc priest

Illustrated notes

Levels and vault maps discovered:
D:1:      amcnicky_arrival_flooded_fountain, layout_loops_cross,
          chequers_serial_rivers_small_a
D:2:      layout_rooms

Skill      XL: |  1  2  3 |
---------------+----------+-----
Spellcasting   | 5 |  5.3
Fighting       | 1 |  1.0
Armour         | |  0.9
Dodging        | |  2.4
Stealth        | |  2.4
Conjurations   | |  1.8
Summonings     | |  1.1
Translocations | |  1.1

Action                   || total
-------------------------++-------
Melee: Dagger            ||    11
 Cast: Magic Dart        ||    66
       Mephitic Cloud    ||     1
 Stab: Sleeping          ||     1
Armor: Robe              ||     4
Dodge: Dodged            ||     8

Table legend: (Time is in decaauts)
 A = Elapsed time spent in this place.
 B = Non-inter-level travel time spent in this place.
 C = Inter-level travel time spent in this place.
 D = Time resting spent in this place.
 E = Time spent auto-exploring this place.
 F = Levels seen in this place.
 G = Mean time per level.
                   A        B        C        D        E       F      G
               +--------+--------+--------+--------+--------+-----+--------+
         Total |   1375 |   1359 |     16 |    132 |   1041 |   2 |  687.5 |
       Dungeon |   1375 |   1359 |     16 |    132 |   1041 |   2 |  687.5 |
               +--------+--------+--------+--------+--------+-----+--------+

Top non-repeatable levels by time:
     D:1: 1069 daAuts
     D:2: 305 daAuts
